 Seeded DCSS version 0.31-a0-879-g1609e0ac53 (webtiles) character file.

Game seed: 20230711 (custom seed)

98247 CInkIbrahim the Marksdemonspawn (level 15, -1/16 HPs)
             Began as a Demonspawn Gladiator on Sept 1, 2023.
             Was an Initiate of Gozag.
             Slain by a two-headed ogre
             ... wielding a +0 giant club
              (14 damage)
             ... on level 15 of the Dungeon on Oct 14, 2023.
             The game lasted 00:40:16 (21906 turns).

CInkIbrahim the Marksdemonspawn (DsGl)             Turns: 21906, Time: 00:40:16

Health: -1/16      AC: 11    Str: 14    XL:     15   Next: 74%
Magic:  15/15      EV: 31    Int: 12    God:    Gozag
Gold:   4089       SH:  5    Dex: 26    Spells: 14/14 levels left

rFire   . . .        a - +8 storm bow {elec, penet}
rCold   . . .        (shield currently unavailable)
rNeg    + . .        v - melded +0 chain mail of Atsi {rElec rF- Int+3 Slay+4}
rPois   ∞            e - +2 helmet
rElec   +            W - +0 cloak
rCorr   .            p - melded +0 pair of gloves
SInv    +            P - melded +0 pair of boots
Will    ++...        k - amulet of reflection
Stlth   ++           s - ring of willpower
HPRegen 0.22/turn    Z - ring of Thoughtfulness {rElec rPois EV+5 Int-4 Dex+4}
MPRegen 0.14/turn

%: reflection, wizardry (x1)
@: statue-form, very slow
A: slow and powerful, torment resistance 1, reduced hp, demonic guardian 3,
powered by death 3, big brain 3, demonic touch 2, see invisible, inability to
read after injury 1
a: Begin Untransformation, Renounce Religion, Potion Petition, Call Merchant,
Bribe Branch


You were on level 15 of the Dungeon.
You worshipped Gozag.
Gozag was most pleased with you.
You were a living statue of rough stone.
You visited 4 branches of the dungeon, and saw 23 of its levels.

You collected 7669 gold pieces.
You spent 993 gold pieces at shops.
You paid 2587 gold pieces to Gozag.

Inventory:

Hand Weapons
 a - the +8 storm bow (weapon) {elec, penet}
   (You found it on level 5 of the Dungeon)
 b - the +11 Singing Sword {sonic wave}
   (You found it on level 1 of the Orcish Mines)
Missiles
 d - 3 throwing nets
 j - 5 javelins
 o - 24 poisoned darts
 r - 6 curare-tipped darts
Armour
 e - a +2 helmet (worn)
 h - a +3 ring mail
 p - a +0 pair of gloves (melded)
 t - a +0 tower shield
 v - the +0 chain mail of Atsi (melded) {rElec rF- Int+3 Slay+4}
   (You bought it in a shop on level 2 of the Orcish Mines)

   Int+3:     It affects your intelligence (+3).
   Slay+4:    It affects your accuracy & damage with ranged weapons and melee
   (+4).
   rF-:       It makes you vulnerable to fire.
   rElec:     It insulates you from electricity.
 x - a +0 kite shield
 P - a +0 pair of boots (melded)
 W - a +0 cloak (worn)
Jewellery
 k - an amulet of reflection (around neck)
 s - a ring of willpower (left fist)
 G - a ring of protection from cold
 K - a ring of positive energy
 Z - the ring of Thoughtfulness (right fist) {rElec rPois EV+5 Int-4 Dex+4}
   (You acquired it on level 5 of the Lair of Beasts)

   [ring of evasion]

   EV+5:      It affects your evasion (+5).
   Int-4:     It affects your intelligence (-4).
   Dex+4:     It affects your dexterity (+4).
   rElec:     It insulates you from electricity.
   rPois:     It protects you from poison
Talismans
 n - a granite talisman (active)
 R - a maw talisman
Wands
 y - a wand of polymorph (12)
 z - a wand of iceblast (24)
 A - a wand of paralysis (8)
 D - a wand of mindburst (20)
 F - a wand of quicksilver (10)
 S - a wand of digging (8)
Scrolls
 c - a scroll of torment
 g - 10 scrolls of teleportation
 l - 6 scrolls of immolation
 m - 3 scrolls of revelation
 q - 3 scrolls of poison
 u - 2 scrolls of fog
 w - a scroll of identify
 C - 4 scrolls of vulnerability
 E - 3 scrolls of fear
 I - 3 scrolls of enchant armour
 J - 2 scrolls of amnesia
 N - 4 scrolls of enchant weapon
 Y - a scroll of noise
Potions
 f - 2 potions of attraction
 i - 11 potions of curing
 H - 4 potions of haste
 M - 3 potions of enlightenment
 O - 3 potions of mutation
 U - a potion of invisibility {unknown}
 V - 2 potions of resistance
 X - a potion of lignification
Miscellaneous
 Q - a condenser vane


   Skills:
 + Level 13.2 Fighting
 * Level 9.2 Long Blades
 - Level 16.3 Ranged Weapons
 - Level 1.7 Throwing
 + Level 15.0 Dodging


You had 14 spell levels left.
You didn't know any spells.
Your spell library contained the following spells:

 Spells                   Type           Power      Damage    Failure   Level
 Apportation              Tloc           0%         N/A       13%         1
 Necrotise                Necr           0%         1d4       13%         1
 Sandblast                Erth           0%         2d4       13%         1
 Shock                    Conj/Air       0%         1d3       13%         1
 Sting                    Tmut/Pois      0%         1d3       13%         1
 Summon Small Mammal      Summ           0%         N/A       13%         1
 Blink                    Tloc           0%         N/A       21%         2
 Ensorcelled Hibernation  Hex/Ice        0%         N/A       21%         2
 Lesser Beckoning         Tloc           0%         N/A       21%         2
 Momentum Strike          Conj/Tloc      0%         3d8       21%         2
 Passwall                 Tmut/Erth      0%         N/A       21%         2
 Dazzling Flash           Conj/Hex       0%         N/A       36%         3
 Ignite Poison            Fire/Tmut/Pois 0%         N/A       36%         3
 Ozocubu's Armour         Ice            0%         N/A       36%         3
 Stone Arrow              Conj/Erth      0%         3d7       36%         3
 Swiftness                Air            0%         N/A       36%         3
 Tukima's Dance           Hex            0%         N/A       36%         3
 Airstrike                Air            0%         2d(0-16)  75%         4
 Anguish                  Hex/Necr       0%         N/A       75%         4
 Manifold Assault         Tloc           0%         N/A       75%         4
 Passage of Golubria      Tloc           0%         N/A       75%         4
 Sticky Flame             Conj/Fire      0%         2d3       75%         4
 Agony                    Necr           0%         N/A       97%         5
 Iskenderun's Battlesphe  Conj           0%         2d6       97%         5
 Silence                  Hex/Air        0%         N/A       97%         5
 Yara's Violent Unravell  Hex/Tmut       0%         3d3       97%         5
 Bombard                  Conj/Erth      0%         9d1       100%        6
 Ozocubu's Refrigeration  Ice            0%         4d7       100%        7
 Spellforged Servitor     Conj/Summ      0%         N/A       100%        7
 Ignition                 Fire           0%         3d3       100%        8
 Lehudib's Crystal Spear  Conj/Erth      0%         10d2      100%        8


Dungeon Overview and Level Annotations

Branches:
Dungeon (15/15) Temple (1/1) D:7 Lair (5/5) D:9 Shoals (0/4) Lair:3 Snake (0/4) Lair:2 Slime (0/5) Lair:4 Orc (2/2) D:12 Elf (0/3) Orc:2 Vaults (0/5) D:12 D:13 Depths: D:15

Altars:
Ashenzari
Cheibriados
Dithmenos
Fedhas
Gozag
Hepliaklqana
Kikubaaqudgha
Makhleb
Nemelex Xobeh
Okawaru
Qazlal
Ru
Sif Muna
Trog
Uskayaw
Vehumet
Wu Jian
Xom
Yredelemnul
Lugonu

Shops:
D:8 ?   D:12 =(*   Orc:2 ?*=*

Portals:
Abyss: Lair:5

Annotations:
D:3 exclusion: downstairs
D:13 Nessos


Innate Abilities, Weirdness & Mutations

You are a living statue of rough stone.
Your actions are slow, but your melee attacks are powerful.
You are resistant to unholy torment.
Your maximum health is decreased, since you lack skill for your form.
Your equipment is partially melded.
You are immune to poison.
A powerful demonic guardian rushes to your aid.
You regenerate a lot of health from kills.
You have an absolutely massive brain. (Int +6, Wiz)
Your touch may inflict irresistible damage on your foes.
You have supernaturally acute eyesight. (SInv)
You occasionally lose the ability to read scrolls when taking damage.


Message History

Your reaper hits the brown ugly thing with a +1 scythe of flaming!
Your reaper burns the brown ugly thing.
Your reaper barely misses the brown ugly thing.
Your reaper hits the brown ugly thing from afar with a +1 scythe of flaming!!
Your reaper burns the brown ugly thing.
The brown ugly thing dies!
You see here a granite talisman.
You start resting.
Your reaper is no longer covered in acid.
Your reaper disappears in a puff of smoke!
You are no longer corroded.
You start resting.
You feel yourself speed up.
You start resting.
You feel a little less mighty now.
You start resting.
HP restored.
You start resting.
HP restored.
n - a granite talisman
Okay, then.
You begin transforming.
You continue transforming. x3
You turn into a living statue of rough stone.
Your +0 pair of gloves melds into your body.
Your +0 pair of boots melds into your body.
The +0 chain mail of Atsi {rElec rF- Int+3 Slay+4} melds into your body.
Okay, then.
You now have 4080 gold pieces (gained 6).
You now have 4089 gold pieces (gained 9).
There is a stone staircase leading down, spattered with blood here.
You climb downwards.
The brown ugly thing barely misses you. You block the two-headed ogre's attack.
The two-headed ogre completely misses you. x3
The two-headed ogre misses you.
The two-headed ogre hits you with a +0 giant club.
The brown ugly thing misses you. x2
The two-headed ogre hits you with a +0 giant club!
Ouch! That really hurt!
You die...
Your body crumbles into a pile of gold.

..... ....
... ..# ..#
###..##
##O.u..##
#..8O...#
#.Ou.......
##.........
##........
#...u....
#...#....
##..#....
... ...


You could see 3 ugly things and 3 two-headed ogres.

Vanquished Creatures
  Roxanne (D:14)
  An orc warlord (Orc:2)
  A stone giant (Orc:1)
  An ettin (Orc:1)
  3 hydras
  2 catoblepae
  A centaur warrior (D:14)
  7 two-headed ogres
  2 boulder beetles
  3 death yaks (Lair:5)
  A tengu warrior (D:13)
  A titan zombie (Orc:1)
  3 thrashing horrors (Lair:5)
  4 orc high priests (Orc:2)
  Nergalle (D:10)
  Amaemon (Lair:3)
  Pikel (D:5)
  3 harpies (Lair:3)
  6 orc knights
  9 ugly things
  A salamander (Lair:2)
  6 orc sorcerers (Orc:2)
  A wolf spider (Lair:3)
  16 cyclopes
  A stone giant zombie (Orc:1)
  3 manticores
  4 black mambas
  7 elephants
  A smoke demon (Lair:5)
  3 gargoyles
  15 cane toads
  An orange demon (Lair:3)
  A yaktaur (shapeshifter) (Lair:5)
  7 komodo dragons
  A kobold demonologist (D:12)
  2 rime drakes
  10 trolls
  A queen bee (shapeshifter) (D:12)
  2 polar bears
  2 hornets
  20 blink frogs
  3 raiju (Lair:5)
  6 dream sheep (Lair:5)
  A spriggan (Lair:5)
  10 slime creatures
  2 large abominations (Lair:5)
  A spriggan (shapeshifter) (Lair:5)
  2 shadows (D:11)
  4 wraiths
  2 water elementals (D:14)
  A human (shapeshifter) (D:13)
  4 wyverns
  12 small abominations (Lair:5)
  A yak (shapeshifter) (Lair:5)
  46 yaks
  5 basilisks
  2 chaos spawn (Lair:5)
  15 humans
  3 vampire mosquitoes (D:13)
  A steam dragon (D:8)
  10 wargs
  3 acid dragons
  2 nagas (Lair:2)
  41 orc warriors
  27 water moccasins
  4 black bears
  23 ogres
  2 ice beasts (D:6)
  6 boggarts
  23 wolves
  3 centaurs
  5 phantoms
  4 lemures (D:5)
  2 kobold brigands
  13 bullfrogs
  A gnoll sergeant (D:11)
  2 cyclops zombies (Orc:1)
  8 scorpions
  A water moccasin zombie (D:6)
  3 wights (D:5)
  An electric eel (Lair:3)
  A howler monkey (D:9)
  3 bullfrog zombies (D:6)
  A bullfrog skeleton (D:6)
  2 centaur zombies (D:6)
  2 hounds
  3 jellies
  33 orc priests
  3 sleepcaps
  6 iguanas
  19 orc wizards
  A howler monkey zombie (D:6)
  9 gnolls
  5 adders
  2 shadow imps
  A white imp (D:5)
  An ufetubus (D:5)
  4 worms
  2 dart slugs
  113 orcs
  7 endoplasms
  2 giant cockroaches
  7 goblins
  7 hobgoblins
  2 jackals (D:1)
  9 kobolds
  9 quokkas
  6 ball pythons
  5 bats
  5 frilled lizards
  2 rats (D:2)
734 creatures vanquished.

Vanquished Creatures (collateral kills)
  A centaur warrior (D:14)
  A two-headed ogre (D:13)
  3 death yaks (Lair:5)
  2 ugly things (D:14)
  A freezing wraith (D:14)
  2 komodo dragons
  A troll (Orc:2)
  A blink frog (Lair:1)
  A dream sheep (Lair:5)
  A yak (D:6)
  2 orc warriors (Orc:2)
  An ogre (D:4)
  An orc wizard (Orc:2)
  3 orcs
21 creatures vanquished.

Vanquished Creatures (others)
  An orc priest (Orc:2)
  An orc wizard (D:11)
2 creatures vanquished.

Grand Total: 757 creatures vanquished

Notes
Turn   | Place    | Note
-------+----------+-------------------------------------------
     0 | D:1      | CInkIbrahim the Demonspawn Gladiator began the quest for
                  | the Orb.
     0 | D:1      | Reached XP level 1. HP: 16/16 MP: 1/1
   226 | D:1      | Gained mutation: Your touch may inflict minor irresistible
                  | damage on your foes. [demonic ancestry]
   226 | D:1      | Reached XP level 2. HP: 22/22 MP: 2/2
   699 | D:2      | Gained mutation: You regenerate a little health from kills.
                  | [demonic ancestry]
   699 | D:2      | Reached XP level 3. HP: 26/27 MP: 3/3
   966 | D:2      | Gained mutation: You have an unusually large brain. (Int
                  | +2) [demonic ancestry]
   966 | D:2      | Reached XP level 4. HP: 29/33 MP: 4/4
  1056 | D:2      | Found a faded altar of an unknown god.
  1592 | D:3      | Found a basalt altar of Yredelemnul.
  1592 | D:3      | Found a sacrificial altar of Ru.
  1669 | D:3      | Found a hide-covered altar of Uskayaw.
  1907 | D:3      | Found an ancient bone altar of Kikubaaqudgha.
  1911 | D:3      | Found a blossoming altar of Fedhas.
  1962 | D:3      | Found a sparkling altar of Nemelex Xobeh.
  2147 | D:4      | Noticed an ogre
  2234 | D:4      | Noticed a scorpion
  2241 | D:4      | Killed a scorpion
  2242 | D:4      | Reached skill level 5 in Long Blades
  2242 | D:4      | Gained mutation: A weak demonic guardian rushes to your
                  | aid. [demonic ancestry]
  2242 | D:4      | Reached XP level 5. HP: 33/38 MP: 5/5
  2474 | D:4      | Killed an ogre
  2479 | D:4      | Reached XP level 6. HP: 26/44 MP: 6/6
  2874 | D:5      | Entered Level 5 of the Dungeon
  3031 | D:5      | Found the +8 storm bow {elec, penet}
  3050 | D:5      | Reached skill level 1 in Ranged Weapons
  3050 | D:5      | Gained mutation: Your touch may inflict irresistible damage
                  | on your foes. [demonic ancestry]
  3050 | D:5      | Reached XP level 7. HP: 50/50 MP: 7/7
  3071 | D:5      | Reached skill level 2 in Ranged Weapons
  3078 | D:5      | Reached skill level 3 in Ranged Weapons
  3129 | D:5      | Noticed Pikel
  3141 | D:5      | Killed Pikel
  3142 | D:5      | Reached skill level 6 in Ranged Weapons
  3142 | D:5      | Reached XP level 8. HP: 46/56 MP: 8/8
  3415 | D:5      | Reached skill level 7 in Ranged Weapons
  3439 | D:5      | Found a shimmering blue altar of Sif Muna.
  3553 | D:6      | Reached skill level 8 in Ranged Weapons
  3564 | D:6      | Gained mutation: A demonic guardian rushes to your aid.
                  | [demonic ancestry]
  3564 | D:6      | Reached XP level 9. HP: 61/61 MP: 9/9
  3588 | D:6      | Reached skill level 9 in Ranged Weapons
  3604 | D:6      | Reached skill level 10 in Ranged Weapons
  4265 | D:6      | Reached skill level 11 in Ranged Weapons
  4295 | D:6      | Gained mutation: A powerful demonic guardian rushes to your
                  | aid. [demonic ancestry]
  4295 | D:6      | Reached XP level 10. HP: 68/68 MP: 10/10
  4537 | D:7      | Found a staircase to the Ecumenical Temple.
  4556 | Temple   | Entered the Ecumenical Temple
  4681 | Temple   | Became a worshipper of Gozag Ym Sagoz the Greedy
  5785 | D:8      | Found Yraypp's Magic Scroll Boutique.
  5797 | D:8      | Bought a scroll of identify for 30 gold pieces
  5797 | D:8      | Bought a scroll of identify for 30 gold pieces
  5797 | D:8      | Bought a scroll of enchant armour for 112 gold pieces
  5797 | D:8      | Bought a scroll of amnesia for 60 gold pieces
  5797 | D:8      | Bought a scroll of vulnerability for 60 gold pieces
  6242 | D:9      | Found a staircase to the Lair.
  6507 | D:9      | Reached skill level 12 in Ranged Weapons
  6949 | D:10     | Entered Level 10 of the Dungeon
  7047 | D:10     | Reached skill level 5 in Dodging
  7124 | D:10     | Noticed Nergalle
  7127 | D:10     | Killed Nergalle
  7128 | D:10     | Reached skill level 5 in Fighting
  7217 | D:10     | Reached XP level 11. HP: 80/80 MP: 11/11
  7385 | D:10     | Noticed a white ugly thing
  7391 | D:10     | Killed a white ugly thing
  7656 | D:10     | Noticed a two-headed ogre
  7660 | D:10     | Killed a two-headed ogre
  8070 | D:11     | Noticed a red ugly thing
  8084 | D:11     | Reached skill level 13 in Ranged Weapons
  8085 | D:11     | Killed a red ugly thing
  8527 | D:11     | Noticed a two-headed ogre
  8530 | D:11     | Killed a two-headed ogre
  8885 | Lair:1   | Entered Level 1 of the Lair of Beasts
  9404 | Lair:1   | Gained mutation: You have an extremely huge brain. (Int +4)
                  | [demonic ancestry]
  9404 | Lair:1   | Reached XP level 12. HP: 33/91 MP: 12/12
  9413 | Lair:1   | Reached skill level 14 in Ranged Weapons
 10629 | Lair:2   | Found a staircase to the Snake Pit.
 10902 | Lair:2   | You fall into a shaft and drop 1 floor!
 10969 | Lair:3   | Noticed a boulder beetle
 10989 | Lair:3   | Killed a boulder beetle
 11275 | Lair:3   | Noticed Amaemon
 11280 | Lair:3   | Killed Amaemon
 11810 | Lair:3   | Noticed an eight-headed hydra
 11818 | Lair:3   | Killed an eight-headed hydra
 11830 | Lair:3   | Gained mutation: You regenerate health from kills. [demonic
                  | ancestry]
 11830 | Lair:3   | Reached XP level 13. HP: 55/101 MP: 13/13
 12118 | Lair:3   | Reached skill level 10 in Dodging
 12372 | Lair:3   | Reached skill level 15 in Ranged Weapons
 12377 | Lair:3   | Found a staircase to the Shoals.
 13424 | Lair:4   | Reached skill level 10 in Fighting
 13685 | Lair:4   | Found a staircase to the Slime Pits.
 14236 | Lair:5   | Entered Level 5 of the Lair of Beasts
 14471 | Lair:5   | Gained mutation: You have an absolutely massive brain. (Int
                  | +6, Wiz) [demonic ancestry]
 14471 | Lair:5   | Reached XP level 14. HP: 111/111 MP: 14/14
 14604 | Lair:5   | Identified a scroll of acquirement
 14605 | Lair:5   | Acquired the ring of Thoughtfulness {rElec rPois EV+5 Int-4
                  | Dex+4}
 15020 | Lair:5   | Found a corrupted altar of Lugonu.
 15020 | Lair:5   | Found a one-way gate to the infinite horrors of the Abyss.
 15035 | Lair:5   | Got the Opusculum on the Cure and Silt
 16068 | D:12     | Found a staircase to the Orcish Mines.
 16096 | D:12     | Reached skill level 16 in Ranged Weapons
 16222 | D:12     | Found a blossoming altar of Fedhas.
 16381 | D:12     | Bought a scroll labelled LYHUR NUTUELA for 22 gold pieces
 16381 | D:12     | Bought an encrusted granite ring for 110 gold pieces
 16381 | D:12     | Bought a potion of mutation for 176 gold pieces
 16406 | Orc:1    | Entered Level 1 of the Orcish Mines
 16644 | Orc:1    | Found a bloodstained altar of Trog.
 17028 | Orc:1    | Noticed a stone giant
 17044 | Orc:1    | Killed a stone giant
 17216 | Orc:1    | Found the +11 Singing Sword {sonic wave}
 17219 | Orc:1    | Identified the +2 flail "Turi" {flame, rF- Str+2 Int+6
                  | Stlth+}
 17225 | Orc:1    | Identified the +4 quarterstaff "Nifesyd" {pain, rPois rF+}
 17226 | Orc:1    | Identified the +5 dagger "Feuddow" {speed, Will+}
 17343 | Orc:2    | Entered Level 2 of the Orcish Mines
 17765 | Orc:2    | Gained mutation: You regenerate a lot of health from kills.
                  | [demonic ancestry]
 17765 | Orc:2    | Reached XP level 15. HP: 102/120 MP: 15/15
 17837 | Orc:2    | Found Sil Pugh's Magic Scroll Emporium.
 17857 | Orc:2    | Found Zamou's Assorted Antiques.
 18318 | Orc:2    | Found Ecvum's Jewellery Shop.
 18368 | Orc:2    | Gained mutation: You occasionally lose the ability to read
                  | scrolls when taking damage. [a neqoxec]
 18373 | Orc:2    | Gained mutation: You have supernaturally acute eyesight.
                  | (SInv) [a neqoxec]
 18433 | Orc:2    | Found Zushrad's Assorted Antiques.
 18458 | Orc:2    | Bought a twisted chain mail for 266 gold pieces
 18458 | Orc:2    | Identified the +0 chain mail of Atsi {rElec rF- Int+3
                  | Slay+4} (You bought it in a shop on level 2 of the Orcish
                  | Mines)
 18556 | Orc:2    | Identified the +2 great mace of Awnigre {freeze, Str+4
                  | Dex-2}
 18858 | Orc:2    | Found a staircase to the Elven Halls.
 19058 | Orc:2    | Upgraded the game from 0.31-a0-662-g684573625c to
                  | 0.31-a0-868-g674d60d6f7
 19058 | Orc:2    | Upgraded the game from 0.31-a0-868-g674d60d6f7 to
                  | 0.31-a0-879-g1609e0ac53
 19070 | Orc:2    | Bought a scroll of blinking for 127 gold pieces
 19952 | D:13     | Noticed Nessos
 19952 | D:13     | Found a gate to the Vaults.
 20925 | D:14     | Reached skill level 15 in Dodging
 21190 | D:14     | Noticed Roxanne
 21490 | D:14     | Killed Roxanne
 21608 | D:15     | Entered Level 15 of the Dungeon
 21906 | D:15     | Slain by a two-headed ogre

Illustrated notes

Levels and vault maps discovered:
D:1:      roderic_chinese_lattice_arrival, layout_loops_ring
D:2:      layout_basic, chequers_ecumenical_altar_grove
D:3:      layout_basic, nemelex_altar_shiori,
          grunt_temple_overflow_growth_and_decay, nicolae_overflow_hidden_temple
D:4:      layout_basic
D:5:      layout_basic, mainiacjoe_overflow_six_doors_small, serial_curves,
          eino_curves_03, eino_curves_03, uniq_pikel
D:6:      minmay_diamond_boxcup, layout_rooms, serial_undead, serial_undead_d,
          serial_undead_b, serial_undead_a, serial_undead_e,
          kennysheep_small_spiral, minivault_22, serial_bayou_lagoon_a
D:7:      layout_basic, minmay_temple_entry_mini_moons
D:8:      layout_basic, serial_shops, nicolae_shop_advertising_works
          [nicolae_subvault_shop_adworks], chequers_decorated_corner,
          nicolae_benzene_ring
D:9:      layout_cave_pools, grunt_lair_entry_orc_guard_hut,
          kennysheep_island_fort
D:10:     layout_roguey, uniq_nergalle
D:11:     layout_basic
D:12:     layout_basic, david_orc_2, serial_glass, glass_columns_c,
          glass_columns_a, glass_columns_a, fedhas_altar_3
D:13:     layout_irregular_city, david_vaults_3, kennysheep_nub
D:14:     layout_cave_pools, serial_bayou_ford_a, uniq_roxanne
D:15:     grunt_enter_depths_hoard, layout_cave_pools, serial_demonic,
          serial_demonic_a, serial_demonic_d, serial_demonic_f,
          serial_demonic_e, grunt_decor_junction, serial_shops, shop,
          lemuel_old_faithful
Temple:   hellmonk_temple_of_storms
Lair:1:   layout_hall_layers, serial_bayou_shore_b
Lair:2:   layout_roguey, alex1729_snake_entry_snake,
          dreamdust_mushroom_princess, lemuel_fruit_tree
Lair:3:   nzn_winding_woodlands_medium [nzn_winding_woodlands_5x5_open_star,
          nzn_winding_woodlands_5x15_zeroes, nzn_winding_woodlands_hourglass,
          nzn_winding_woodlands_5x5_three, nzn_winding_woodlands_center_garden,
          nzn_winding_woodlands_5x5_default,
          nzn_winding_woodlands_5x5_closed_star,
          nzn_winding_woodlands_5x15_pool, nzn_winding_woodlands_5x5_cross],
          layout_loops_ring, nicolae_shoals_entry_roost, minmay_holes,
          nicolae_lair_run_with_the_wolves, uniq_amaemon
Lair:4:   layout_regular_city, nicolae_slime_entry_slimehenge,
          grunt_forest_small_clearings, hangedman_lair_unloving_vines
Lair:5:   hellmonk_lair_end_abyssal_woods, layout_hall_layers,
          infiniplex_staircase_pool
Orc:1:    giant_chief_lemuel, layout_diamond_mine, trog_butcher_becter
Orc:2:    pubby_orc_utopia, serial_shops

Skill      XL: |  1  2  3  4  5  6  7  8  9 10 11 12 13 14 15 |
---------------+----------------------------------------------+-----
Long Blades    | 3 4 5 6 7 9 |  9.2
Ranged Weapons | 1 6 8 11 12 13 14 15 16 | 16.3
Dodging        | 3 5 7 9 12 14 15 | 15.0
Fighting       | 5 7 9 10 12 13 | 13.2
Throwing       | |  1.7

Action                     |  1- 3 |  4- 6 |  7- 9 | 10-12 | 13-15 || total
---------------------------+-------+-------+-------+-------+-------++-------
  Melee: Long sword        |    89 |    27 |       |       |       ||   116
         Touch             |     6 |    26 |       |       |    15 ||    47
         Punch             |     1 |       |       |       |     3 ||     4
         Dagger            |       |    92 |       |       |       ||    92
         Double sword      |       |       |       |       |    97 ||    97
   Fire: Longbow           |       |     4 |   152 |   531 |   956 ||  1643
  Throw: Throwing net      |       |     2 |       |       |       ||     2
         Dart              |       |     6 |       |       |       ||     6
 Invoke: Call Merchant     |       |       |       |       |     3 ||     3
  Evoke: Wand              |       |       |       |     1 |       ||     1
    Use: Scroll            |       |     7 |     2 |     6 |    11 ||    26
         Potion            |       |     2 |       |     1 |     2 ||     5
   Stab: Distracted        |       |       |       |       |     3 ||     3
 Armour: Leather armour    |    21 |       |       |       |       ||    21
         Ring mail         |    36 |    48 |    49 |   164 |   135 ||   432
         Chain mail        |       |       |       |       |    63 ||    63
         Skin              |       |       |       |       |     2 ||     2
  Dodge: Dodged            |    59 |    56 |    39 |   139 |   327 ||   620
  Block: Other             |       |       |    15 |    44 |    73 ||   132
         Reflection        |       |       |     1 |     1 |     6 ||     8
   Form: Statue            |       |       |       |       |     1 ||     1

Table legend: (Time is in decaauts)
 A = Elapsed time spent in this place.
 B = Non-inter-level travel time spent in this place.
 C = Inter-level travel time spent in this place.
 D = Time resting spent in this place.
 E = Time spent auto-exploring this place.
 F = Levels seen in this place.
 G = Mean time per level.
                   A        B        C        D        E       F      G
               +--------+--------+--------+--------+--------+-----+--------+
         Total |  22197 |  20750 |   1447 |   2002 |  14729 |  23 |  965.1 |
       Dungeon |  11717 |  10965 |    752 |    963 |   8032 |  15 |  781.1 |
        Temple |    143 |    125 |     18 |      0 |      0 |   1 |  143.0 |
          Lair |   6792 |   6414 |    378 |    624 |   4675 |   5 | 1358.4 |
  Orcish Mines |   3543 |   3245 |    298 |    415 |   2021 |   2 | 1771.5 |
               +--------+--------+--------+--------+--------+-----+--------+

Top non-repeatable levels by time:
  Lair:3: 1947 daAuts
   Orc:2: 1920 daAuts
   Orc:1: 1623 daAuts
  Lair:2: 1325 daAuts
  Lair:5: 1317 daAuts
  Lair:1: 1223 daAuts
    D:14: 1208 daAuts
    D:10: 995 daAuts
  Lair:4: 980 daAuts
    D:11: 970 daAuts
     D:6: 940 daAuts
    D:12: 842 daAuts
     D:9: 841 daAuts
     D:7: 828 daAuts
     D:2: 828 daAuts
